 Dungeon Crawl Stone Soup version 0.28-a0-816-gb054d885db (webtiles) character file.

Game seed: 13056506457633523266

490 Crownlay the Basher (level 7, -5/57 HPs)
             Began as a Hill Orc Fighter on Nov 8, 2021.
             Slain by Blork the orc (6 damage)
             ... on level 5 of the Dungeon.
             The game lasted 00:06:10 (5649 turns).

Crownlay the Basher (Hill Orc Fighter)              Turns: 5649, Time: 00:06:11

Health: -5/57      AC: 10    Str: 21    XL:     7   Next: 14%
Magic:  7/7        EV:  9    Int:  8    God:
Gold:   125        SH:  4    Dex: 10    Spells: 6/6 levels left

rFire   . . .      SeeInvis .   a - +0 flail
rCold   . . .      Faith    .   c - +0 buckler
rNeg    . . .      Spirit   .   b - +0 scale mail
rPois   .          Reflect  .   (no helmet)
rElec   .          Harm     .   C - +2 cloak
rCorr   .          Rampage  .   (no gloves)
Will    .....                   (no boots)
Stlth   ..........              (no amulet)
HPRegen 0.19/turn               (no ring)
MPRegen 0.10/turn               (no ring)

@: flying
A: no striking features
a: no special abilities


You were on level 5 of the Dungeon.
You visited 1 branch of the dungeon, and saw 5 of its levels.
You also visited: Sewer.

You collected 125 gold pieces.

Inventory:

Hand Weapons
 a - a +0 flail (weapon)
Armour
 b - a +0 scale mail (worn)
 c - a +0 buckler (worn)
 C - a +2 cloak (worn)
Jewellery
 h - a +4 ring of slaying
 k - a ring of ice
Wands
 i - a wand of iceblast (24)
 v - a wand of polymorph (20)
Scrolls
 e - a scroll of brand weapon {unknown}
 f - 5 scrolls of identify
 g - 2 scrolls of fog
 j - a scroll of vulnerability {unknown}
 l - 2 scrolls of teleportation
 n - a scroll of torment {unknown}
 o - a scroll of magic mapping {unknown}
 s - a scroll of silence {unknown}
 t - a scroll of amnesia {unknown}
 u - 2 scrolls of noise {unknown}
 x - a scroll of summoning {unknown}
 y - 2 scrolls of enchant armour
 A - 2 scrolls of immolation {unknown}
Potions
 d - 2 potions of might
 m - a potion of degeneration {unknown}
 p - a potion of magic {unknown}
 q - a potion of flight
 r - a potion of lignification {unknown}
 w - a potion of cancellation
 z - a potion of mutation {unknown}
 B - a potion of heal wounds {unknown}


   Skills:
 - Level 3.6 Fighting
 * Level 8.0 Maces & Flails
 - Level 3.2 Armour
 - Level 4.0 Shields


You had 6 spell levels left.
You didn't know any spells.
Your spell library contained the following spells:

 Spells                   Type           Power      Damage    Failure   Level
 Beastly Appendage        Tmut           0%         N/A       75%         1
 Slow                     Hex            0%         N/A       75%         1
 Wereblood                Tmut           0%         N/A       87%         2
 Confusing Touch          Hex            0%         N/A       98%         3
 Ozocubu's Armour         Ice            0%         N/A       98%         3
 Spider Form              Tmut/Pois      0%         N/A       98%         3
 Vampiric Draining        Necr           0%         2d6       98%         3
 Yara's Violent Unravell  Hex/Tmut       0%         3d3       100%        5
 Ozocubu's Refrigeration  Ice            0%         4d5       100%        7


Dungeon Overview and Level Annotations

Branches:
Dungeon (5/15)              Sewer (visited)
 Temple: D:4-7

Altars:

Shops:
D:2 =

Annotations:
D:5 Blork the orc


Message History

Blork the orc barely misses you.
You hit Blork the orc.
Blork the orc is moderately wounded.
Blork the orc points at you and mumbles some strange words.
The puff of flame hits you!
* * * LOW HITPOINT WARNING * * *
Blork the orc hits you with a +0 trident.
* * * LOW HITPOINT WARNING * * *
You hit Blork the orc but do no damage.
Blork the orc is moderately wounded.
Blork the orc begins to cast a cantrip, but forgets the words!
You hit Blork the orc.
Blork the orc is heavily wounded.
Blork the orc grins evilly.
Blork the orc casts a spell at you. The puff of flame hits you.
* * * LOW HITPOINT WARNING * * *
Blork the orc casts a spell at you.
The puff of flame hits you but does no damage.
You barely miss Blork the orc.
Blork the orc is heavily wounded.
Blork the orc hits you but does no damage.
You sock Blork the orc!
Blork the orc is severely wounded.
Blork the orc hits you with a +0 trident.
* * * LOW HITPOINT WARNING * * *
Blork the orc looks encouraged for a moment.
It was a potion of cancellation.
You feel magically purged.
Blork the orc hits you with a +0 trident.
* * * LOW HITPOINT WARNING * * *
It was a potion of flight.
You feel very buoyant.
You fly up into the air.
You block Blork the orc's attack. Blork the orc casts a spell at you.
The puff of flame misses you.
Okay, then.
You hit Blork the orc.
Blork the orc is almost dead.
Blork the orc hits you with a +0 trident.
You die...

.... ...# ....
...#
.#....###...#
.... ...#..#
#...#.....####
.##...#........#
.....:o...<.....
#....@.......#
##......###..
#.###...##
#.####...###..#.
........<.......
......##........
...!.. #.#......
...... .........
...... ##.......


You could see Blork the orc (fast).

Vanquished Creatures
  An ogre (D:4)
  A necrophage (D:4)
  An orc priest (D:4)
  2 hounds (D:4)
  A centaur skeleton (D:4)
  An iguana (D:5)
  A howler monkey skeleton (D:2)
  5 adders
  4 worms
  3 dart slugs
  6 orcs
  14 ball pythons
  6 endoplasms
  5 giant cockroaches
  12 goblins
  7 hobgoblins
  4 jackals
  2 quokkas
  A bat (D:2)
  4 frilled lizards
  20 kobolds
  9 rats
110 creatures vanquished.

Vanquished Creatures (others)
  15 plants (Sewer)
15 creatures vanquished.

Grand Total: 125 creatures vanquished

Notes
Turn   | Place    | Note
-------+----------+-------------------------------------------
     0 | D:1      | Crownlay the Hill Orc Fighter began the quest for the Orb.
     0 | D:1      | Reached XP level 1. HP: 19/19 MP: 1/1
    76 | D:1      | Reached XP level 2. HP: 20/26 MP: 2/2
   391 | D:1      | Reached skill level 3 in Maces & Flails
   921 | D:2      | Reached XP level 3. HP: 17/31 MP: 3/3
   944 | D:2      | HP: 1/31 [goblin (3)]
  1644 | D:2      | Found Touch's Jewellery Emporium.
  1653 | D:2      | Reached skill level 4 in Maces & Flails
  1921 | D:2      | Reached XP level 4. HP: 39/39 MP: 4/4
  2795 | D:3      | Found a faded altar of an unknown god.
  2878 | D:4      | Found the +3 giant club "Skullcrusher" {speed, Str+7}
  2911 | D:4      | Reached skill level 5 in Maces & Flails
  3115 | D:4      | Found a glowing drain.
  3121 | D:4      | Reached XP level 5. HP: 45/45 MP: 5/5
  3233 | Sewer    | Entered a sewer
  4515 | D:4      | Reached skill level 6 in Maces & Flails
  4586 | D:4      | Noticed a necrophage
  4605 | D:4      | Killed a necrophage
  4606 | D:4      | Reached XP level 6. HP: 23/51 MP: 6/6
  4887 | D:4      | Reached skill level 7 in Maces & Flails
  5295 | D:4      | Reached XP level 7. HP: 21/57 MP: 7/7
  5623 | D:5      | Entered Level 5 of the Dungeon
  5626 | D:5      | Noticed Blork the orc
  5635 | D:5      | Reached skill level 8 in Maces & Flails
  5646 | D:5      | HP: 1/57 [Blork the orc (4)]
  5649 | D:5      | Slain by Blork the orc

Illustrated notes

Levels and vault maps discovered:
D:1:      ncdulo_watergridlock, layout_loops_cross
D:2:      kennysheep_the_goblin_king, layout_loops_ring, serial_shops,
          nicolae_shop_window_shopping, minmay_pentomino_z2
D:3:      layout_rooms, shapermc_ecumenical_altar_pompeii
D:4:      layout_basic, portal_sewer_entry_a
D:5:      cheibrodos_barr_body, layout_rooms,
          lemuel_mausoleum_altar_yredelemnul, uniq_blork_the_orc, uniq_edmund

Skill      XL: |  1  2  3  4  5  6  7 |
---------------+----------------------+-----
Maces & Flails | 3 4 5 6 7 8 |  8.0
Shields        | 4 |  4.0
Fighting       | |  3.6
Armour         | |  3.2

Action                   |  1- 3 |  4- 6 |  7- 9 || total
-------------------------+-------+-------+-------++-------
Melee: Flail             |   111 |   320 |    24 ||   455
  Use: Scroll            |       |     3 |       ||     3
       Potion            |       |       |     2 ||     2
Armor: Scale mail        |    63 |   109 |     7 ||   179
Dodge: Dodged            |    64 |   147 |    12 ||   223
Block: Buckler           |    24 |    51 |     4 ||    79

Table legend: (Time is in decaauts)
 A = Elapsed time spent in this place.
 B = Non-inter-level travel time spent in this place.
 C = Inter-level travel time spent in this place.
 D = Time resting spent in this place.
 E = Time spent auto-exploring this place.
 F = Levels seen in this place.
 G = Mean time per level.
                   A        B        C        D        E       F      G
               +--------+--------+--------+--------+--------+-----+--------+
         Total |   5888 |   5794 |     94 |      0 |   4805 |   6 |  981.3 |
       Dungeon |   4550 |   4456 |     94 |      0 |   3759 |   5 |  910.0 |
         Sewer |   1337 |   1337 |      0 |      0 |   1045 |   1 | 1337.0 |
               +--------+--------+--------+--------+--------+-----+--------+

Top non-repeatable levels by time:
     D:4: 1607 daAuts
     D:2: 1377 daAuts
   Sewer: 1337 daAuts
     D:1: 830 daAuts
     D:3: 709 daAuts
     D:5: 25 daAuts
